AoeStats
← nanakusa

Arena

506606005Analyzed
4v4 RM · 18d ago on Sep 14, 2026· 41m 21s· 8 players
Game mode
Random Map
Map size
Large (8 player)
Population
200
Speed
Normal
Resources
Standard
Victory
Conquest
Starting age
Dark Age
Ending age
Imperial Age
RankedLock teamsTeams togetherTeam positionsShared explorationLock speedFull tech treeHidden civsTurbo modeCheats
Victory
Defeat
🇫🇷 Berbers · France
1755
+5
🇩🇪 Georgians · Germany
1729
+6
🇩🇪 Wei · Germany
1613
+10
🇯🇵 Bohemians · Japan
1541
+13
🇺🇸 Cumans · United States
1514
-10
🇩🇰 Celts · Denmark
1462
-8
🇺🇸 Japanese · United States
1455
-8
🇺🇸 Tupi · United States
1455
-8
=)Svanhilde
11:15 Feudal Age
15:12 Castle Age
13:11 Double-Bit Axe
13:27 Horse Collar
16:16 Bow Saw
16:07 Heavy Plow
17:26 Wheelbarrow
20:42 Hand Cart
23:44 Gold Mining
24:28 Stone Mining
25:58 Stone Shaft Mining
26:14 Gold Shaft Mining
26:28 Loom
30:43 Imperial Age
28:26 Fletching
29:07 Thumb Ring
29:13 Bodkin Arrow
29:18 Padded Archer Armor
29:45 Husbandry
29:55 Bloodlines
31:07 Ballistics
31:10 Masonry
30:48 Treadmill Crane
31:36 Bracer
32:38 Chemistry
32:26 Crop Rotation
31:22 Elite Camel Archer
32:16 Kasbah
32:38 Conscription
32:35 Masonry
34:05 Hoardings
33:51 Leather Archer Armor
34:28 Scale Barding Armor
34:33 Forging
34:41 Siege Engineers
34:45 Light Cavalry
35:48 Chain Barding Armor
35:53 Hussar
37:05 Ring Archer Armor
37:10 Iron Casting
37:59 Plate Barding Armor
38:29 Guilds
38:04 Treadmill Crane
38:25 Maghrebi Camels
40:07 Coinage
40:27 Town Watch
41:44 Blast Furnace
41:40 Banking
Hommi
5:42 Loom
10:47 Feudal Age
14:32 Castle Age
12:51 Double-Bit Axe
12:59 Horse Collar
21:37 Loom
26:06 Fortified Wall
27:58 Town Watch
29:35 Heavy Plow
29:50 Bow Saw
34:17 Wheelbarrow
33:37 Fletching
34:42 Bodkin Arrow
36:38 Ballistics
36:41 Thumb Ring
36:51 Gold Mining
38:05 Husbandry
38:15 Bloodlines
40:48 Imperial Age
41:57 Parthian Tactics
41:39 Bracer
42:44 Chemistry
LM \ Molle
10:53 Feudal Age
14:41 Castle Age
12:31 Gold Mining
12:29 Double-Bit Axe
12:31 Horse Collar
15:01 Scale Barding Armor
15:19 Bloodlines
19:27 Wheelbarrow
19:12 Gold Mining
21:41 Husbandry
22:16 Chain Barding Armor
22:14 Forging
22:49 Loom
29:54 Iron Casting
32:36 Fletching
33:48 Masonry
38:07 Bow Saw
37:48 Stone Mining
39:00 Bodkin Arrow
39:28 Heavy Plow
40:00 Svan Towers
39:56 Treadmill Crane
40:43 Hand Cart
40:13 Town Watch
nanakusa
10:32 Feudal Age
11:48 Wheelbarrow
12:03 Loom
14:43 Castle Age
13:28 Double-Bit Axe
13:28 Horse Collar
23:09 Redemption
25:18 Hand Cart
25:15 Bow Saw
27:11 Heavy Plow
34:35 Fortified Wall
35:41 Fortified Wall
39:05 Imperial Age
37:13 Forging
37:02 Pikeman
37:58 Squires
39:04 Chemistry
38:49 Scale Mail Armor
40:20 Conscription
39:41 Halberdier
YOGRANNYCANTSCRAP
7:39 Loom
9:44 Feudal Age
10:45 Double-Bit Axe
13:08 Champi Runner
14:04 Forging
22:44 Castle Age
21:17 Stone Mining
21:24 Horse Collar
22:48 Pikeman
24:13 Scale Mail Armor
27:34 Fletching
29:34 Bow Saw
29:35 Bodkin Arrow
29:57 Chain Mail Armor
34:39 Imperial Age
32:54 Wheelbarrow
32:43 Heavy Plow
33:43 Ballistics
33:55 Padded Archer Armor
34:32 Iron Casting
34:57 Hand Cart
35:38 Halberdier
37:15 Squires
40:52 Plate Mail Armor
Jaxto
9:15 Feudal Age
10:14 Double-Bit Axe
17:58 Scale Mail Armor
18:08 Forging
20:53 Horse Collar
26:01 Castle Age
23:52 Loom
25:26 Wheelbarrow
26:07 Scale Barding Armor
26:51 Bloodlines
26:05 Light Cavalry
28:49 Town Watch
29:09 Heavy Plow
29:48 Bow Saw
34:55 Imperial Age
35:40 Chain Barding Armor
35:26 Cavalier
37:26 Hand Cart
38:00 Iron Casting
37:21 Gold Mining
38:43 Plate Barding Armor
40:09 Two-Man Saw
39:12 Onager
40:40 Masonry
Thundernips, The Ultimate Gigolo
10:21 Feudal Age
14:20 Castle Age
12:13 Double-Bit Axe
12:24 Horse Collar
19:53 Scale Mail Armor
20:48 Chain Mail Armor
21:35 Forging
21:38 Squires
21:24 Arson
23:51 Iron Casting
28:16 Wheelbarrow
28:08 Gold Mining
28:44 Bow Saw
28:40 Heavy Plow
35:59 Imperial Age
37:08 Hand Cart
40:55 Kataparuto
Lord Longshaft
9:40 Feudal Age
11:22 Wheelbarrow
13:47 Castle Age
11:59 Double-Bit Axe
17:23 Horse Collar
24:41 Wheelbarrow
25:14 Gold Mining
25:40 Stone Mining
27:34 Heavy Plow
27:45 Bow Saw
30:53 Gold Shaft Mining
34:02 Imperial Age
31:51 Fortified Wall
31:39 Loom
34:20 Fletching
34:57 Onager
36:11 Hand Cart
Connection lost

Rejoining the realm…

Still unreachable

The connection could not be restored.

Session expired

The server has moved on; the page needs a fresh start.